 Dungeon Crawl Stone Soup version 0.30.1 (webtiles) character file.

Game seed: 8920863556319437035

707 Graphine the Gusty (level 7, -5/57 HPs)
             Began as a Grey Draconian Air Elementalist on July 8, 2023.
             Killed by divine providence
             ... invoked by an orc priest
              (12 damage)
             ... on level 5 of the Dungeon.
             The game lasted 00:13:11 (4536 turns).

Graphine the Gusty (DrAE)                           Turns: 4536, Time: 00:13:12

Health: -5/57      AC: 11    Str: 10    XL:     7   Next: 39%
Magic:  2/12       EV: 27    Int: 18    God:
Gold:   60         SH:  4    Dex: 14    Spells: 3/13 levels left

rFire   . . .        b - +1 dagger
rCold   + . .        n - +0 buckler of Lappebre {rElec rPois rC+ Dex+3}
rNeg    . . .        (body armour unavailable)
rPois   +            (helmet restricted)
rElec   +            (no cloak)
rCorr   .            (no gloves)
SInv    .            (no boots)
Will    .....        l - amulet of the acrobat
Stlth   ++           (no ring)
HPRegen 0.29/turn    (no ring)
MPRegen 0.13/turn

%: acrobat
@: swift, acrobatic, quick
A: AC +11, amphibious, unfitting armour, cold-blooded, stinger 1, wild magic 1
a: no special abilities


You were on level 5 of the Dungeon.
You visited 2 branches of the dungeon, and saw 6 of its levels.

You collected 250 gold pieces.
You spent 190 gold pieces at shops.

Inventory:

Hand Weapons
 b - a +1 dagger (weapon)
Armour
 n - the +0 buckler of Lappebre (worn) {rElec rPois rC+ Dex+3}
   (You bought it in a shop on level 1 of the Dungeon)

   Dex:       It affects your dexterity (+3).
   rC:        It protects you from cold.
   rElec:     It insulates you from electricity.
   rPois:     It protects you from poison.
Jewellery
 l - an amulet of the acrobat (around neck)
Wands
 k - a wand of iceblast (14)
Scrolls
 c - 2 scrolls of vulnerability
 m - a scroll of poison
Potions
 a - a potion of magic
 d - a potion of lignification
 e - 2 potions of mutation
 f - 3 potions of flight
 h - a potion of berserk rage
 i - 2 potions of curing
 j - a potion of haste
 o - a potion of cancellation {unknown}
 p - a potion of brilliance {unknown}
 q - a potion of might {unknown}


   Skills:
 + Level 3.2 Fighting
 + Level 3.3 Dodging
 - Level 1.7 Stealth
 + Level 1.3 Shields
 + Level 3.5 Spellcasting
 - Level 3.1 Conjurations
 * Level 0.8 Necromancy
 - Level 4.4 Air Magic
 * Level 0.9 Earth Magic


You had 3 spell levels left.
You knew the following spells:

 Your Spells              Type           Power      Damage    Failure   Level
a - Shock                 Conj/Air       84%        1d8       8%          1
b - Static Discharge      Conj/Air       42%        2-4/arc   12%         2
c - Swiftness             Air            24%        N/A       16%         3
d - Airstrike             Air            12%        2d(2-18)  45%         4

Your spell library contained the following spells:

 Spells                   Type           Power      Damage    Failure   Level
 Freeze                   Ice            16%        1d4       30%         1
 Ensorcelled Hibernation  Hex/Ice        8%         N/A       43%         2
 Hailstorm                Conj/Ice       11%        3d5       43%         3
 Frozen Ramparts          Ice            8%         1d2       65%         3
 Spider Form              Tmut/Pois      4%         N/A       65%         3
 Animate Dead             Necr           7%         N/A       89%         4
 Anguish                  Hex/Necr       3%         N/A       92%         4
 Borgnjor's Vile Clutch   Necr/Erth      4%         N/A       99%         5
 Death Channel            Necr           3%         N/A       100%        6


Dungeon Overview and Level Annotations

Branches:
Dungeon (5/15)             Temple (1/1) D:4

Altars:
Ashenzari
Dithmenos
Kikubaaqudgha
Okawaru
Qazlal
Ru
Trog
Uskayaw
Vehumet
Wu Jian
Xom
Yredelemnul
Zin
The Shining One

Shops:
D:1 [


Innate Abilities, Weirdness & Mutations

Your dull iron-grey scales are very hard. (AC +11)
You are amphibious.
You cannot fit into any form of body armour.
You are cold-blooded and may be slowed by cold attacks.
Your tail ends in a venomous barb.
Your spells are a little harder to cast, but a little more powerful.


Message History

The orc is struck by an arc of lightning.
The orc is heavily wounded.
The lightning grounds out.
The orc priest closely misses you. The orc hits you but does no damage.
The orc closely misses you.
Casting: Static Discharge (safe; 12% risk of failure)
Confirm with . or Enter, or press ? or * to list all spells.
The orc is struck by an arc of lightning.
The orc is heavily wounded.
The orc is struck by an arc of lightning.
The orc is severely wounded.
The lightning grounds out.
The orc is struck by an arc of lightning.
You kill the orc!
You resist.
You are struck by an arc of lightning.
The lightning grounds out.
The orc priest is struck by an arc of lightning.
The orc priest is moderately wounded.
The orc is struck by an arc of lightning.
You kill the orc!
You resist.
You are struck by an arc of lightning.
The orc hits you but does no damage.
Casting: Static Discharge (safe; 12% risk of failure)
Confirm with . or Enter, or press ? or * to list all spells.
You feel quick. The orc priest misses you. The orc barely misses you. x2
The orc hits you but does no damage. You block the orc's attack.
An adder comes into view.
The adder hisses angrily.
The orc priest invokes the aid of Beogh against you.
Beogh smites you! The orc misses you.
The orc priest mumbles some strange prayers to Beogh against you.
Beogh smites you!
* * * LOW HITPOINT WARNING * * *
The orc priest calls upon Beogh to heal the orc.
The orc's wounds heal themselves!
The orc wizard mumbles some strange words.
The orc wizard flickers and vanishes!
Deactivating autopickup; reactivate with Ctrl-A.
The orc priest invokes the aid of Beogh against you.
Beogh smites you!
You die...

..# #......... ... #.#.
#++###.....<..##.. #.#.#
................ . # #.#..
.............##.# ... #.#.#
#................ ...#
#.#.#####.##............#
...####.#..........o.!..)......
......#†#.........o.o)o.)#.#...
...##.#.#.......@.o.oo...#
........#.#####.##S......#
..........# #.##.......#
.....###### #.##.......#
.....###### #.##....##.#
###........ #..........#
#........ ####....####
###........ #....+ #..........


You could see 2 orc priests, an adder and 5 orcs.

Vanquished Creatures
  Grinder (D:3)
  Menkaure (D:5)
  An ice beast (D:5)
  A phantom (D:5)
  A jelly (D:4)
  A hound (D:5)
  An orc priest (D:3)
  3 adders
  A shadow imp (D:5)
  3 worms (D:2)
  A dart slug (D:2)
  5 orcs
  9 bats
  6 endoplasms
  7 giant cockroaches
  4 goblins
  5 hobgoblins
  9 jackals
  8 quokkas
  9 ball pythons
  4 frilled lizards
  7 kobolds
  12 rats
100 creatures vanquished.

Notes
Turn   | Place    | Note
-------+----------+-------------------------------------------
     0 | D:1      | Graphine the Draconian Air Elementalist began the quest for
                  | the Orb.
     0 | D:1      | Reached XP level 1. HP: 14/14 MP: 3/3
    87 | D:1      | Found Liekuzid's Antique Armour Shop.
   205 | D:1      | Reached XP level 2. HP: 22/22 MP: 3/5
   234 | D:1      | Learned a level 2 spell: Static Discharge
   488 | D:1      | Reached skill level 1 in Fighting
   746 | D:1      | Gained mutation: Your spells are a little harder to cast,
                  | but a little more powerful. [potion of mutation]
   746 | D:1      | Gained mutation: Your tail ends in a venomous barb. [potion
                  | of mutation]
   941 | D:2      | Reached XP level 3. HP: 21/28 MP: 0/6
  2112 | D:3      | Found a faded altar of an unknown god.
  2132 | D:3      | Noticed Grinder
  2135 | D:3      | Paralysed by Grinder for 2 turns
  2140 | D:3      | Killed Grinder
  2141 | D:3      | Reached skill level 4 in Air Magic
  2141 | D:3      | Reached XP level 4. HP: 12/36 MP: 0/8
  2141 | D:3      | Reached XP level 5. HP: 14/41 MP: 0/9
  2755 | D:3      | Reached XP level 6. HP: 47/48 MP: 5/10
  3407 | D:4      | Learned a level 3 spell: Swiftness
  3412 | D:4      | Learned a level 4 spell: Airstrike
  3792 | D:1      | Bought a transparent buckler for 190 gold pieces
  3792 | D:1      | Identified the +0 buckler of Lappebre {rElec rPois rC+
                  | Dex+3} (You bought it in a shop on level 1 of the Dungeon)
  3933 | D:4      | Found a staircase to the Ecumenical Temple.
  3998 | Temple   | Entered the Ecumenical Temple
  4283 | D:5      | Entered Level 5 of the Dungeon
  4283 | D:5      | Noticed Menkaure
  4288 | D:5      | Killed Menkaure
  4289 | D:5      | Reached skill level 5 in Air Magic
  4408 | D:5      | Noticed an ice beast
  4423 | D:5      | Reached skill level 1 in Shields
  4423 | D:5      | Your scales start taking on a dull iron-grey colour.
  4423 | D:5      | Reduced skill Air Magic to level 4
  4423 | D:5      | Reached XP level 7. HP: 54/56 MP: 7/12
  4536 | D:5      | Killed from afar by an orc priest

Illustrated notes

Levels and vault maps discovered:
D:1:      dpeg_arrival_stonehenge_12_columns, layout_rooms, serial_shops, shop
D:2:      layout_basic, nrook_uturn, small_statue_intersection
D:3:      layout_loops_ring, nicolae_ecumenical_pavilion,
          minmay_misc_feat_four_crosses, uniq_grinder
D:4:      layout_loops_ring, temple_fountains, st_stairs_14
D:5:      layout_basic, mainiacjoe_overflow_cross_hatched,
          kennysheep_generic_room_15, uniq_menkaure
Temple:   nicolae_temple_great_sept

Skill      XL: |  1  2  3  4  5  6  7 |
---------------+----------------------+-----
Dodging        | 2 3 |  3.3
Fighting       | 1 2 3 |  3.2
Conjurations   | 2 3 |  3.1
Air Magic      | 4 4 |  4.4
Spellcasting   | 3 |  3.5
Shields        | 1 |  1.3
Stealth        | |  1.7
Necromancy     | |  0.8
Earth Magic    | |  0.9

Action                     |  1- 3 |  4- 6 |  7- 9 || total
---------------------------+-------+-------+-------++-------
  Melee: Dagger            |    38 |    27 |     3 ||    68
         Tailslap          |     7 |     2 |     1 ||    10
         Punch             |       |     1 |       ||     1
   Cast: Shock             |   103 |    75 |     8 ||   186
         Static Discharge  |       |     4 |     3 ||     7
         Swiftness         |       |       |     1 ||     1
    Use: Scroll            |     4 |     8 |       ||    12
         Potion            |     2 |       |       ||     2
   Stab: Sleeping          |     1 |       |       ||     1
 Armour: Skin              |    29 |    17 |     5 ||    51
  Dodge: Dodged            |    32 |    42 |     8 ||    82
  Block: Buckler           |       |     2 |     2 ||     4
